 Dungeon Crawl Stone Soup version 0.22.1-1-ga44c0e56f4 (webtiles) character file.

836 Knicklaso the Cudgeler (level 7, -2/45 HPs)
             Began as a Gargoyle Fighter on Sept 30, 2018.
             Slain by a worker ant (4 damage)
             ... on level 6 of the Dungeon.
             The game lasted 00:09:30 (5519 turns).

Knicklaso the Cudgeler (Gargoyle Fighter)           Turns: 5519, Time: 00:09:31

Health: -2/45      AC: 15    Str: 21    XL:     7   Next: 99%
Magic:  7/7        EV:  5    Int:  9    God:
Gold:   262        SH:  9    Dex:  9    Spells: 6/6 levels left

rFire    + . .     SeeInvis .   v - +2 whip (freeze)
rCold    . . .     Gourm    .   c - +0 shield
rNeg     + + .     Faith    .   x - +0 chain mail {rF+}
rPois    ∞         Spirit   .   B - +0 helmet
rElec    +         Reflect  .   (no cloak)
rCorr    +         Harm     .   (no gloves)
MR       .....                  (no boots)
Stlth    ..........             (no amulet)
HPRegen  0.15/turn              t - ring of positive energy
MPRegen  0.10/turn              q - ring of resist corrosion

@: no status effects
A: negative energy resistance 1, electricity resistance, unbreathing,
petrification resistance, rot immunity, AC +4
a: no special abilities


You were on level 6 of the Dungeon.
You were not hungry.

You visited 1 branch of the dungeon, and saw 6 of its levels.

You collected 262 gold pieces.

Inventory:

Hand Weapons
 v - a +2 whip of freezing (weapon)
 y - a +0 great mace
 E - a +0 morningstar
Missiles
 j - 157 stones (quivered)
 p - 3 tomahawks of returning
Armour
 c - a +0 shield (worn)
 x - a +0 chain mail of fire resistance (worn)
 B - a +0 helmet (worn)
Jewellery
 l - an uncursed ring of wizardry
 q - a ring of resist corrosion (right hand)
 t - a ring of positive energy (left hand)
 D - an uncursed ring of see invisible {unknown}
Wands
 u - a wand of paralysis (18)
Scrolls
 b - 2 scrolls of immolation {unknown}
 e - 7 scrolls of identify
 h - 2 scrolls of blinking {unknown}
 i - 2 scrolls of enchant weapon {unknown}
 m - a scroll of enchant armour {unknown}
 s - 4 scrolls of remove curse
 C - a scroll of fear {unknown}
Potions
 a - a potion of cancellation
 d - 2 potions of might
 g - a potion of magic {unknown}
 k - a potion of curing {unknown}
 n - a potion of invisibility {unknown}
 o - a potion of lignification {unknown}
 r - a potion of mutation {unknown}
 w - a potion of brilliance {unknown}
 z - a potion of haste {unknown}
 A - a potion of degeneration {unknown}
Comestibles
 f - 10 rations


   Skills:
 + Level 5.9 Fighting
 * Level 6.7 Maces & Flails
 - Level 3.2 Armour
 + Level 5.1 Shields


You had 6 spell levels left.
You didn't know any spells.
Your spell library was empty.

Dungeon Overview and Level Annotations

Branches:
Dungeon (6/15)             Temple (0/1) D:5

Altars:
Fedhas
Nemelex Xobeh
Sif Muna
Wu Jian

Shops:
D:4 %

Annotations:
D:5 Blork the orc


Innate Abilities, Weirdness & Mutations

You are resistant to torment.
Your stone body is resilient. (AC +4)
You are immune to poison.
You resist negative energy. (rN+)
You are resistant to electric shocks. (rElec)
You can survive without breathing.
You are immune to petrification.
You are immune to rotting.


Message History

You are too injured to fight recklessly!
You are too injured to fight recklessly!
You are too injured to fight recklessly!
You are too injured to fight recklessly!
You are too injured to fight recklessly!
You are too injured to fight recklessly!
You are too injured to fight recklessly!
You are too injured to fight recklessly!
You are too injured to fight recklessly!
You are too injured to fight recklessly!
You are too injured to fight recklessly!
You are too injured to fight recklessly!
You are too injured to fight recklessly!
The yak gores you.
* * * LOW HITPOINT WARNING * * *
The yak gores you but does no damage. The yak barely misses you.
The yak gores you.
* * * LOW HITPOINT WARNING * * *
The worker ant bites you.
You die...

..............
.............
.?..........
#...........
#...........
#...........
#..YYY......
#...@Y......
#....a.....#
#####....###
......#
......#
.......
.....## ......


You could see 4 yaks and a worker ant.

Vanquished Creatures
  An ogre (D:5)
  A centaur (D:5)
  A scorpion (D:4)
  A water moccasin skeleton (D:5)
  A howler monkey (D:4)
  A crimson imp (D:5)
  A jelly (D:4)
  A hound (D:5)
  4 orc priests
  A centaur skeleton (D:5)
  An iguana (D:4)
  2 orc wizards (D:3)
  A worker ant (D:4)
  6 adders
  An ooze (D:4)
  5 worms
  2 dart slugs
  2 leopard geckos
  18 orcs
  A giant cockroach (D:5)
  9 goblins
  7 hobgoblins
  13 jackals
  3 quokkas
  13 bats
  6 frilled lizards
  10 kobolds
  7 rats
120 creatures vanquished.

Vanquished Creatures (others)
  2 fungi (D:2)
2 creatures vanquished.

Grand Total: 122 creatures vanquished

Notes
Turn   | Place    | Note
-------+----------+-------------------------------------------
     0 | D:1      | Knicklaso the Gargoyle Fighter began the quest for the Orb.
     0 | D:1      | Reached XP level 1. HP: 14/14 MP: 1/1
   147 | D:1      | Reached XP level 2. HP: 18/19 MP: 2/2
   709 | D:1      | Reached XP level 3. HP: 23/23 MP: 3/3
   773 | D:2      | Found a blossoming altar of Fedhas.
  1107 | D:2      | Reached skill level 3 in Maces & Flails
  1274 | D:2      | Reached XP level 4. HP: 28/29 MP: 4/4
  1990 | D:3      | Found an ornate altar of the Wu Jian Council.
  2160 | D:3      | Reached skill level 4 in Maces & Flails
  2160 | D:3      | Reached XP level 5. HP: 28/33 MP: 5/5
  2518 | D:3      | Reached XP level 6. HP: 39/39 MP: 6/6
  2914 | D:3      | Reached skill level 5 in Maces & Flails
  3397 | D:4      | Reached skill level 5 in Fighting
  3658 | D:4      | Reached XP level 7. HP: 44/44 MP: 7/7
  3853 | D:4      | Found Wakhir's Food Shop.
  3951 | D:5      | Entered Level 5 of the Dungeon
  4233 | D:5      | Reached skill level 6 in Maces & Flails
  4833 | D:5      | Got a jewelled trident
  4835 | D:5      | Identified the +7 trident of Qodaiqiph {distort, *Noise
                  | rPois Int+5} (You found it on level 5 of the Dungeon)
  4920 | D:5      | Found a staircase to the Ecumenical Temple.
  4989 | D:5      | Reached skill level 5 in Shields
  5155 | D:5      | Noticed Blork the orc
  5255 | D:5      | Found a sparkling altar of Nemelex Xobeh.
  5261 | D:5      | Found a deep blue altar of Sif Muna.
  5430 | D:5      | Found a deep blue altar of Sif Muna.
  5510 | D:6      | Noticed a yak
  5510 | D:6      | Noticed a yak
  5510 | D:6      | Noticed a yak
  5510 | D:6      | Noticed a yak
  5519 | D:6      | HP: 2/45 [yak (3)]
  5519 | D:6      | Slain by a worker ant

Skill      XL: |  1  2  3  4  5  6  7 |
---------------+----------------------+-----
Maces & Flails | 3 4 5 6 |  6.7
Fighting       | 4 5 |  5.9
Shields        | 4 5 |  5.1
Armour         | |  3.2

Action                   |  1- 3 |  4- 6 |  7- 9 || total
-------------------------+-------+-------+-------++-------
Melee: Flail             |   123 |   314 |       ||   437
       Whip              |       |    21 |    98 ||   119
  Use: Scroll            |       |     2 |     1 ||     3
  Eat: Chunk             |     1 |     5 |     3 ||     9
       Ration            |       |     1 |     1 ||     2
Armor: Scale mail        |    76 |   181 |       ||   257
       Chain mail        |       |    41 |    55 ||    96
Dodge: Dodged            |    38 |   117 |    19 ||   174
Block: Shield            |    72 |   222 |    40 ||   334
